 Dungeon Crawl Stone Soup version 0.26-a0-690-gcb57259078 (webtiles) character file.

Game seed: 13707213089704727655

670 grandjackal the Slasher (level 7, -3/55 HPs)
             Began as a Demonspawn Gladiator on Oct 23, 2020.
             Slain by a sky beast (5 damage)
             ... on level 5 of the Dungeon.
             The game lasted 00:04:34 (4902 turns).

grandjackal the Slasher (Demonspawn Gladiator)      Turns: 4902, Time: 00:04:35

Health: -3/55      AC:  8    Str: 17    XL:     7   Next: 32%
Magic:  7/7        EV: 13    Int:  9    God:
Gold:   489        SH:  0    Dex: 14    Spells: 6/6 levels left

rFire    . . .     SeeInvis .   u - +3 falchion (vamp)
rCold    . . .     Faith    .   (no shield)
rNeg     . . .     Spirit   .   f - +0 ring mail
rPois    +         Reflect  .   (helmet restricted)
rElec    .         Harm     .   (no cloak)
rCorr    .         Rampage  .   y - +0 pair of gloves
MR       .....                  t - +0 pair of boots
Stlth    +.........             (no amulet)
HPRegen  0.18/turn              i - ring of poison resistance
MPRegen  0.10/turn              (no ring)

@: no status effects
A: antennae 2, sharp scales 1
a: no special abilities


You were on level 5 of the Dungeon.
You visited 1 branch of the dungeon, and saw 5 of its levels.
You also visited: Ossuary.

You collected 489 gold pieces.

Inventory:

Hand Weapons
 a - a +0 long sword
 u - a +3 vampiric falchion (weapon)
Missiles
 d - 3 throwing nets (quivered)
Armour
 f - a +0 ring mail (worn)
 t - a +0 pair of boots (worn)
 y - a +0 pair of gloves (worn)
Jewellery
 i - a ring of poison resistance (left hand)
 w - an uncursed ring of fire
Scrolls
 b - 8 scrolls of identify {unknown}
 e - a scroll of enchant weapon {unknown}
 h - 4 scrolls of remove curse {unknown}
 k - a scroll of amnesia {unknown}
 p - a scroll of immolation {unknown}
 r - a scroll of noise {unknown}
 s - a scroll of teleportation {unknown}
 x - a scroll of blinking {unknown}
Potions
 c - a potion of mutation {unknown}
 g - 2 potions of haste {unknown}
 j - a potion of degeneration {unknown}
 l - a potion of resistance {unknown}
 m - 2 potions of brilliance {unknown}
 n - a potion of heal wounds {unknown}
 o - a potion of invisibility {unknown}
 q - a potion of magic {unknown}
 v - 2 potions of curing {unknown}


   Skills:
 + Level 4.9 Fighting
 + Level 5.0 Long Blades
 - Level 1.7 Throwing
 + Level 5.0 Dodging


You had 6 spell levels left.
You didn't know any spells.
Your spell library was empty.

Dungeon Overview and Level Annotations

Branches:
Dungeon (5/15)            Ossuary (visited)
 Temple: D:4-7

Altars:
Gozag
Kikubaaqudgha
Ru
Trog
Xom
Zin

Annotations:
D:3 3 runed translucent doors, Frask's ghost, amateur DsFi


Innate Abilities, Weirdness & Mutations

You have a pair of antennae on your head.
You are partially covered in razor-sharp scales. (AC +1, Slay +1)


Message History

You kill the giant cockroach!
Something hits you but does no damage. Something hits you but does no damage.
Something hits you. Something shocks you.
You hit something.
You feel better. Something hits you. Something shocks you.
You hit something. The jelly completely misses you.
Something hits you but does no damage. Something hits you but does no damage.
Something hits you. Something shocks you.
* * * LOW HITPOINT WARNING * * *
The jelly hits you.
* * * LOW HITPOINT WARNING * * *
You are splashed with acid!
* * * LOW HITPOINT WARNING * * *
You miss something. Something hits you but does no damage.
You closely miss something. Something hits you but does no damage.
You miss something. Something hits you.
* * * LOW HITPOINT WARNING * * *
Something shocks you.
You die...

#############
............#
............#
............#####
...........J{@..#
............##.##
...............#
##########.#.###
#.#.# ######.#.#
..........########
#########.##.[...#
#.......##.###.#


You could see a jelly.

Vanquished Creatures
  An elf zombie (Ossuary)
  A howler monkey (D:5)
  2 centaur zombies (Ossuary)
  A jelly (D:3)
  A centaur skeleton (D:4)
  3 orc wizards (D:4)
  2 worker ants (D:4)
  2 big kobold zombies (Ossuary)
  A hound skeleton (D:4)
  3 mummies
  2 howler monkey zombies (D:5)
  3 gnolls (D:3)
  7 adders
  A howler monkey skeleton (D:4)
  An ufetubus (D:2)
  2 worms
  3 dart slugs
  A leopard gecko (D:2)
  18 orcs
  A ball python (D:2)
  5 giant cockroaches
  5 goblins
  3 hobgoblins
  2 jackals (D:1)
  6 kobolds
  4 quokkas
  5 bats
  5 frilled lizards
  2 gnoll zombies (Ossuary)
  3 goblin zombies (Ossuary)
  3 hobgoblin zombies (Ossuary)
  A leopard gecko skeleton (D:4)
  An orc zombie (Ossuary)
  3 rats
104 creatures vanquished.

Notes
Turn   | Place    | Note
-------+----------+-------------------------------------------
     0 | D:1      | grandjackal the Demonspawn Gladiator began the quest for
                  | the Orb.
     0 | D:1      | Reached XP level 1. HP: 16/16 MP: 1/1
   418 | D:1      | Gained mutation: You have a pair of small antennae on your
                  | head. [demonic ancestry]
   418 | D:1      | Reached XP level 2. HP: 22/22 MP: 2/2
   901 | D:2      | Reached XP level 3. HP: 28/28 MP: 3/3
  1548 | D:3      | Found a bloodstained altar of Trog.
  1923 | D:3      | Reached XP level 4. HP: 26/34 MP: 4/4
  2413 | D:3      | Gained mutation: You have a pair of antennae on your head.
                  | [demonic ancestry]
  2413 | D:3      | Reached XP level 5. HP: 39/41 MP: 5/5
  2454 | D:3      | Found a runed translucent gate.
  2454 | D:3      | Found a runed translucent gate.
  2454 | D:3      | Found an opulent altar of Gozag.
  2454 | D:3      | Found a runed translucent gate.
  2456 | D:3      | Noticed Frask's ghost (amateur DsFi)
  3202 | D:4      | Found a sacrificial altar of Ru.
  3304 | D:4      | Found a shimmering altar of Xom.
  3371 | D:4      | Reached XP level 6. HP: 36/48 MP: 6/6
  3867 | D:4      | Found a glowing silver altar of Zin.
  3868 | D:4      | Noticed an angel
  3875 | D:4      | Found an ancient bone altar of Kikubaaqudgha.
  4127 | D:5      | Entered Level 5 of the Dungeon
  4141 | D:5      | Found a sand-covered staircase.
  4308 | Ossuary  | Entered an ossuary
  4407 | Ossuary  | Gained mutation: You are partially covered in razor-sharp
                  | scales. (AC +1, Slay +1) [demonic ancestry]
  4407 | Ossuary  | Reached XP level 7. HP: 13/55 MP: 7/7
  4735 | Ossuary  | Reached skill level 5 in Long Blades
  4735 | Ossuary  | Reached skill level 5 in Dodging
  4902 | D:5      | HP: 2/55 [something (4)]
  4902 | D:5      | Slain by a sky beast

Illustrated notes

Levels and vault maps discovered:
D:1:      dpeg_arrival_rooms_c, layout_loops_ring
D:2:      layout_loops_corners
D:3:      layout_loops_ring, overflow_temple_1_default, ebering_ghost_gozag
D:4:      layout_basic, grunt_temple_overflow_order_and_chaos_1,
          nicolae_ru_great_annihilating_truth, overflow_temple_1_default
D:5:      layout_basic, old_standard_altar, basic_altar,
          gup_ossuary_entry_pyramid, serial_park_tiny_1, uniq_pikel,
          uniq_grinder

Skill      XL: |  1  2  3  4  5  6  7 |
---------------+----------------------+-----
Long Blades    | 3 4 5 |  5.0
Dodging        | 3 4 5 |  5.0
Fighting       | 3 4 |  4.9
Throwing       | |  1.7

Action                   |  1- 3 |  4- 6 |  7- 9 || total
-------------------------+-------+-------+-------++-------
Melee: Long sword        |    86 |    90 |       ||   176
       Falchion          |       |   139 |    54 ||   193
 Stab: Invisible         |       |     1 |       ||     1
       Paralysed         |       |     1 |       ||     1
Armor: Ring mail         |    29 |    79 |    23 ||   131
Dodge: Dodged            |    55 |   143 |    30 ||   228
       Rpst.: Long sword |    23 |    16 |       ||    39
       Falchion          |       |    33 |     7 ||    40

Table legend: (Time is in decaauts)
 A = Elapsed time spent in this place.
 B = Non-inter-level travel time spent in this place.
 C = Inter-level travel time spent in this place.
 D = Time resting spent in this place.
 E = Time spent auto-exploring this place.
 F = Levels seen in this place.
 G = Mean time per level.
                   A        B        C        D        E       F      G
               +--------+--------+--------+--------+--------+-----+--------+
         Total |   4954 |   4865 |     89 |   1300 |   2641 |   6 |  825.7 |
       Dungeon |   4459 |   4370 |     89 |    996 |   2641 |   5 |  891.8 |
       Ossuary |    495 |    495 |      0 |    304 |      0 |   1 |  495.0 |
               +--------+--------+--------+--------+--------+-----+--------+

Top non-repeatable levels by time:
     D:3: 1317 daAuts
     D:2: 1118 daAuts
     D:4: 1114 daAuts
     D:1: 623 daAuts
 Ossuary: 495 daAuts
     D:5: 286 daAuts
